 Dungeon Crawl Stone Soup version 0.27.0-1-g7a089689b8 (webtiles) character file.

Game seed: 8808438210354755111

115 RepoMan the Gusty (level 5, 0/24 HPs)
             Began as a Vine Stalker Air Elementalist on July 30, 2021.
             Slain by an orc wizard (3 damage)
             ... on level 3 of the Dungeon.
             The game lasted 00:23:17 (2374 turns).

RepoMan the Gusty (Vine Stalker Air Elementalist)   Turns: 2374, Time: 00:23:18

Health: 0/24       AC:  2    Str: 10    XL:     5   Next: 0%
Magic:  0/10       EV: 12    Int: 16    God:
Gold:   97         SH:  0    Dex: 15    Spells: 3/9 levels left

rFire    . . .     SeeInvis .   q - +2 falchion (vorpal)
rCold    . . .     Faith    .   (no shield)
rNeg     . . .     Spirit   +   a - +0 robe
rPois    .         Reflect  .   (no helmet)
rElec    .         Harm     .   (no cloak)
rCorr    .         Rampage  .   (no gloves)
Will     .....                  (no boots)
Stlth    ++........             (no amulet)
HPRegen  1.08/turn              (no ring)
MPRegen  0.12/turn              (no ring)

@: brilliant
A: fangs 2, regeneration 1, magic shield, antimagic bite, no potion heal 2
a: no special abilities


You were on level 3 of the Dungeon.
You visited 1 branch of the dungeon, and saw 3 of its levels.

You collected 97 gold pieces.

Inventory:

Hand Weapons
 b - a +0 whip
 j - a +0 short sword
 l - a +0 hunting sling
 q - a +2 vorpal falchion (weapon)
Missiles
 k - 15 sling bullets
Armour
 a - a +0 robe (worn)
Scrolls
 c - a scroll of holy word {unknown}
 e - a scroll of magic mapping {unknown}
 f - 2 scrolls of teleportation {unknown}
 h - a scroll of identify {unknown}
 n - a scroll of enchant armour {unknown}
 p - a scroll of fog {unknown}
Potions
 g - a potion of invisibility {unknown}
 i - 2 potions of brilliance
 m - a potion of cancellation {unknown}
 o - a potion of lignification {unknown}


   Skills:
 + Level 2.2 Dodging
 - Level 2.4 Stealth
 + Level 2.9 Spellcasting
 + Level 2.2 Conjurations
 * Level 4.1 Air Magic


You had 3 spell levels left.
You knew the following spells:

 Your Spells              Type           Power      Damage    Failure   Level
d - Static Discharge      Conj/Air       18%        N/A       8%          2
s - Swiftness             Air            23%        N/A       10%         3
z - Shock                 Conj/Air       72%        1d7       4%          1

Your spell library contained the following spells:

 Spells                   Type           Power      Damage    Failure   Level
 Airstrike                Air            11%        N/A       32%         4
 Summon Forest            Summ/Tloc      1%         N/A       99%         5
 Eringya's Noxious Bog    Tmut/Pois      1%         N/A       100%        6
 Summon Hydra             Summ           1%         N/A       100%        7


Dungeon Overview and Level Annotations

Branches:
Dungeon (3/15)

Altars:
Sif Muna

Annotations:
D:3 1 runed translucent door, Crazy Yiuf, Grinder


Innate Abilities, Weirdness & Mutations

You have extremely sharp teeth.
Your natural rate of healing is unusually fast.
When hurt, damage is shared between your health and your magic reserves.
Your bite disrupts and absorbs the magic of your enemies.
Potions cannot restore your health.


Message History

Unknown command.
Something hits you. Something hits you. Something hits you. Something hits you.
You feel less confused. Something barely misses you.
q - a +2 vorpal falchion (weapon)
Something hits you.
You miss something. Your bite misses something.
You hear some strange, mumbled words.
You are confused.
Something barely misses you. Something hits you.
Something hits you but does no damage.
You hear some strange, mumbled words.
A puff of flame appears from out of thin air!
The puff of flame hits you! Something completely misses you.
You feel less confused. Something hits you.
You miss something.
You hear some strange, mumbled words.
You are confused.
You completely miss something. Something hits you.
You hear some strange, mumbled words.
A puff of flame appears from out of thin air!
The puff of flame hits you!
* * * LOW HITPOINT WARNING * * *
It was a potion of brilliance.
You feel clever all of a sudden. Something hits you but does no damage.
It was a potion of curing.
Your system rejects the healing.
You feel better. Something hits you.
* * * LOW HITPOINT WARNING * * *
Okay, then.
Unknown command.
Unknown command.
You closely miss something. Your bite misses something. Something hits you.
You die...

...............#...#
....############.###
....# #....# ###.#
#.#..## ..#.#
#.....# ..#.#
#...8.# ###.#
#.._..# ..#.#
#..{8.# ###..
#(()@.# # ###
#..##.## # .....##.#
# #####. #.# # #$
#(# # #. #.# # #.
#.# # #{ #.# # #.#


There were no monsters in sight!

Vanquished Creatures
  An orc wizard (D:3)
  2 adders (D:3)
  A worm (D:3)
  2 dart slugs
  3 orcs (D:3)
  3 ball pythons
  9 bats
  8 endoplasms
  3 giant cockroaches
  5 goblins
  4 hobgoblins
  8 kobolds
  2 quokkas
  4 frilled lizards
  3 rats
58 creatures vanquished.

Notes
Turn   | Place    | Note
-------+----------+-------------------------------------------
     0 | D:1      | RepoMan the Vine Stalker Air Elementalist began the quest
                  | for the Orb.
     0 | D:1      | Reached XP level 1. HP: 9/9 MP: 4/4
   380 | D:1      | Reached XP level 2. HP: 10/13 MP: 1/6
   466 | D:1      | Learned a level 2 spell: Static Discharge
   740 | D:1      | Reached XP level 3. HP: 16/16 MP: 4/7
   991 | D:1      | Learned a level 3 spell: Swiftness
  1317 | D:2      | Found a shimmering blue altar of Sif Muna.
  1923 | D:3      | Gained mutation: Your natural rate of healing is unusually
                  | fast. [Vine Stalker growth]
  1923 | D:3      | Reached XP level 4. HP: 19/21 MP: 5/8
  2146 | D:3      | Noticed Grinder
  2236 | D:3      | Found a runed translucent door.
  2237 | D:3      | Noticed Crazy Yiuf
  2297 | D:3      | Reached skill level 4 in Air Magic
  2312 | D:3      | Found a faded altar of an unknown god.
  2357 | D:3      | Reached XP level 5. HP: 22/24 MP: 0/10
  2374 | D:3      | Slain by an orc wizard

Illustrated notes

Levels and vault maps discovered:
D:1:      lightli_arrival_farm, layout_rooms, minmay_pentomino_r4
D:2:      layout_loops_ring, basic_altar, kennysheep_doodads
D:3:      layout_basic, nicolae_qazlal_eye_of_the_storm,
          dreamdust_ecumenical_altar_statues, uniq_crazy_yiuf_cottage,
          uniq_grinder

Skill      XL: |  1  2  3  4 |
---------------+-------------+-----
Dodging        | 2 |  2.2
Conjurations   | 2 |  2.2
Air Magic      | 4 |  4.1
Stealth        | |  2.4
Spellcasting   | |  2.9

Action                   |  1- 3 |  4- 6 || total
-------------------------+-------+-------++-------
Melee: Unarmed           |     2 |       ||     2
       Bite              |     1 |       ||     1
       Hunting sling     |       |     1 ||     1
       Falchion          |       |     4 ||     4
 Fire: Hunting sling     |    21 |    18 ||    39
 Cast: Shock             |    60 |    21 ||    81
  Use: Potion            |       |     2 ||     2
Armor: Robe              |     9 |     6 ||    15
Dodge: Dodged            |    23 |     5 ||    28
